 Dungeon Crawl Stone Soup version 0.29.1-12-g30fa7ad0bf (webtiles) character file.

Game seed: 16545238989618835209

211 safid the Shooter (level 5, -3/48 HPs)
             Began as a Minotaur Hunter on Dec 19, 2022.
             Slain by an ogre
             ... wielding a +0 giant club
              (28 damage)
             ... on level 4 of the Dungeon.
             The game lasted 00:05:05 (2462 turns).

safid the Shooter (Minotaur Hunter)                 Turns: 2462, Time: 00:05:06

Health: -3/48      AC:  4    Str: 15    XL:     5   Next: 57%
Magic:  4/4        EV: 12    Int:  6    God:
Gold:   163        SH:  0    Dex: 16    Spells: 4/4 levels left

rFire   . . .      SeeInvis .   a - +0 shortbow
rCold   . . .      Faith    .   (shield currently unavailable)
rNeg    . . .      Spirit   .   c - +0 leather armour
rPois   .          Reflect  .   (helmet restricted)
rElec   .          Harm     .   (no cloak)
rCorr   .          Rampage  .   l - +0 pair of gloves
Will    .....                   (no boots)
Stlth   +.........              (no amulet)
HPRegen 0.16/turn               (no ring)
MPRegen 0.09/turn               (no ring)

@: no status effects
A: horns 2, retaliatory headbutt
a: no special abilities


You were on level 4 of the Dungeon.
You visited 1 branch of the dungeon, and saw 4 of its levels.

You collected 163 gold pieces.

Inventory:

Hand Weapons
 a - a +0 shortbow (weapon)
Missiles
 n - 2 javelins
Armour
 c - a +0 leather armour (worn)
 l - a +0 pair of gloves (worn)
Jewellery
 p - a +4 ring of evasion
Scrolls
 b - a scroll of immolation
 e - a scroll of fear {unknown}
 f - 6 scrolls of identify {unknown}
 i - 2 scrolls of summoning {unknown}
 k - a scroll of blinking {unknown}
 m - a scroll of magic mapping {unknown}
 q - a scroll of poison {unknown}
Potions
 d - 2 potions of might {unknown}
 g - 2 potions of curing {unknown}
 h - 2 potions of berserk rage {unknown}
 j - a potion of ambrosia {unknown}
 o - a potion of flight {unknown}


   Skills:
 + Level 5.3 Fighting
 + Level 6.2 Ranged Weapons
 - Level 2.1 Dodging
 - Level 0.7 Stealth


You had 4 spell levels left.
You didn't know any spells.
Your spell library contained the following spells:

 Spells                   Type           Power      Damage    Failure   Level
 Beastly Appendage        Tmut           0%         N/A       52%         1
 Wereblood                Tmut           0%         N/A       67%         2
 Spider Form              Tmut/Pois      0%         N/A       88%         3


Dungeon Overview and Level Annotations

Branches:
Dungeon (4/15)
 Temple: D:4-7

Altars:
Fedhas

Shops:
D:1 *   D:2 =


Innate Abilities, Weirdness & Mutations

You have a pair of horns on your head.
You reflexively headbutt those who attack you in melee.


Message History

You shoot an arrow. The arrow closely misses the jackal.
You feel sick. The jackal completely misses you. The jackal misses you.
The jackal pauses to sniff the ground.
The jackal closely misses you. x2; You furiously retaliate!
You headbutt the jackal.
You kill the jackal!
The jackal closely misses you.
The jackal bites you but does no damage.
You shoot an arrow. The arrow hits the jackal.
You kill the jackal!
You feel sick.
You are no longer poisoned.
An ogre comes into view. It is wielding a +0 giant club.
The jackal bites you but does no damage.
You shoot an arrow. The arrow barely misses the jackal.
The jackal barely misses you.
An orc comes into view. It is wielding a +0 short sword.
The jackal bites you.
A kobold comes into view. It is wielding a +0 dagger.
You shoot an arrow.
The arrow hits the ogre but does no damage.
You hear a shout! x2
The jackal misses you.
The kobold throws a stone.
The stone closely misses you. The ogre closely misses you.
The jackal barely misses you.
You shoot an arrow. The arrow hits the ogre.
The ogre is lightly wounded.
The jackal closely misses you. You furiously retaliate!
You headbutt the jackal.
An orc wizard comes into view. It is wielding a +0 dagger.
The ogre hits you with a +0 giant club. The jackal closely misses you.
Unknown command.
You shoot an arrow. The arrow hits the jackal.
You kill the jackal!
You hear a shout!
The kobold hits you but does no damage. The orc hits you with a +0 short sword.
An orc comes into view. It is wielding a +3 dagger of flaming.
The kobold hits you with a +0 dagger. The orc barely misses you.
The ogre hits you with a +0 giant club!!
Ouch! That really hurt!
You die...

##########
........
oo...###
#Oo....#
#@...#
#K†..#
.)...#
......#
.......#
........#
.........#
.........(#


You could see an ogre, an orc wizard, 2 orcs and a kobold.

Vanquished Creatures
  Natasha (thrice) (D:3)
  3 gnolls
  4 adders
  2 dart slugs
  8 ball pythons
  3 endoplasms
  5 giant cockroaches
  7 goblins
  3 hobgoblins
  8 jackals
  6 kobolds
  A quokka (D:3)
  6 bats
  5 frilled lizards
  4 rats
68 creatures vanquished.

Notes
Turn   | Place    | Note
-------+----------+-------------------------------------------
     0 | D:1      | safid the Minotaur Hunter began the quest for the Orb.
     0 | D:1      | Reached XP level 1. HP: 18/18 MP: 0/0
    89 | D:1      | Reached XP level 2. HP: 25/25 MP: 1/1
    91 | D:1      | Found Detric's Assorted Antiques.
   603 | D:2      | Reached skill level 5 in Ranged Weapons
   603 | D:2      | Reached XP level 3. HP: 31/31 MP: 2/2
   659 | D:1      | HP: 1/33 [gnoll/+0 whip (1)]
  1058 | D:2      | Found Deph's Jewellery Boutique.
  1258 | D:2      | Reached XP level 4. HP: 36/40 MP: 3/3
  1507 | D:3      | Noticed Natasha
  1515 | D:3      | Killed Natasha
  1557 | D:3      | Noticed Natasha
  1564 | D:3      | Killed Natasha
  1565 | D:3      | Reached XP level 5. HP: 36/47 MP: 4/4
  1751 | D:3      | Found a blossoming altar of Fedhas.
  1871 | D:3      | Found a faded altar of an unknown god.
  1871 | D:3      | Noticed Natasha
  1880 | D:3      | Killed Natasha
  1881 | D:3      | Reached skill level 5 in Fighting
  1881 | D:3      | Reached skill level 6 in Ranged Weapons
  2458 | D:4      | Noticed an ogre
  2462 | D:4      | Slain by an ogre

Illustrated notes

Levels and vault maps discovered:
D:1:      minmay_arrival_up_and_down, layout_rooms, serial_shops, shop,
          kennysheep_boxes
D:2:      layout_rooms, serial_shops, shop
D:3:      layout_loops_corners, amcnicky_altar_gilded,
          hellmonk_ecumenical_altar_arch_garden, grunt_decor_junction,
          uniq_natasha
D:4:      layout_basic, kennysheep_mini, grunt_temple_overflow_open,
          gup_sewer_entry_bowl, gammafunk_ghost_nasty_kobolds

Skill      XL: |  1  2  3  4  5 |
---------------+----------------+-----
Fighting       | 3 4 5 |  5.3
Ranged Weapons | 5 6 |  6.2
Dodging        | |  2.1
Stealth        | |  0.7

Action                   |  1- 3 |  4- 6 || total
-------------------------+-------+-------++-------
 Fire: Shortbow          |   110 |    79 ||   189
Armor: Leather armour    |     8 |    18 ||    26
Dodge: Dodged            |    26 |    47 ||    73
